[Event "British Championship 2024"]
[Site "Hull"]
[Date "2024.07.31"]
[Round "1.30"]
[White "Balaji, Aaravamudhan"]
[Black "Rida, Ruqayyah"]
[Result "1-0"]
[Annotator "RC"]
[ECO "E61"]
[WhiteElo "2346"]
[BlackElo "1962"]
[PlyCount "101"]
[EventDate "2024.07.31"]
[EventCountry "GBR"]
[SourceTitle "playchess.com"]
[Source "ChessBase"]
[SourceQuality "1"]
[TimeControl "40/5400+30:1800+30"]

1. Nf3 Nf6 2. b3 g6 3. Bb2 Bg7 4. d4 d6 5. e3 O-O 6. Be2 c5 7. O-O b6 8. c4 Bb7 9. Nc3 e6 10. Qc2 Nc6 11. Rad1 Qe7 12. Qc1 Rad8 13. Rfe1 Rfe8 14. h3 e5 15. dxc5 dxc5 16. Nd5 Nxd5 17. cxd5 Nb4 18. Bb5 Rf8 19. e4 a6 20. Bc4 Nxa2 21. Qd2 Qd6 22. Bxe5 Bxe5 23. Nxe5 Qxe5 24. Qxa2 b5 25. Bf1 Rfe8 26. Qd2 Qd4 27. Qxd4 cxd4 28. Re2 f5 29. f3 Kf7 30. Rxd4 fxe4 31. fxe4 Ke7 32. g3 Kd6 33. Bg2 Rc8 34. Kh2 Rc3 35. b4 Rc4 36. Rxc4 bxc4 37. Rc2 Rc8 38. Kg1 Ke5 39. Kf2 Kd4 40. Rd2+ Ke5 41. Ke3 a5 42. bxa5 Rc5 43. Bf1 Bc8 44. a6 Bxa6 45. d6 Rc8 46. d7 Rd8 47. Rd5+ Ke6 48. Ra5 Bb7 49. Bxc4+ Kxd7 50. Bd5 Kc8 51. Rc5+ 1-0

[Event "British Championship 2024"]
[Site "Hull"]
[Date "2024.07.31"]
[Round "1.31"]
[White "Dicen, Elis Denele"]
[Black "Richardson, John R"]
[Result "1-0"]
[Annotator "RC"]
[ECO "D36"]
[WhiteElo "2073"]
[BlackElo "2299"]
[PlyCount "75"]
[EventDate "2024.07.31"]
[EventCountry "GBR"]
[SourceTitle "playchess.com"]
[Source "ChessBase"]
[SourceQuality "1"]
[TimeControl "40/5400+30:1800+30"]

1. d4 d5 2. c4 c6 3. Nf3 Nf6 4. Nc3 e6 5. cxd5 exd5 6. Qc2 Be7 7. Bg5 Nbd7 8. e3 O-O 9. Bd3 Re8 10. O-O h6 11. Bf4 Nh5 12. Nxd5 Nxf4 13. Nxf4 Bd6 14. Ne2 Nf6 15. Bf5 Qa5 16. Bxc8 Raxc8 17. Nc3 Qh5 18. Rad1 Bb8 19. Rfe1 Re6 20. e4 Nh7 21. e5 Rg6 22. Ne2 Ng5 23. Nxg5 Qxg5 24. Qe4 Re6 25. f4 Qd8 26. f5 Re8 27. Nf4 Qc7 28. f6 gxf6 29. Nh5 Re6 30. Qg4+ Kf8 31. Qg7+ Ke8 32. Nxf6+ Ke7 33. d5 Qb6+ 34. Kh1 Rxe5 35. d6+ Bxd6 36. Rxe5+ Bxe5 37. Rd7+ Ke6 38. Qxf7+ 1-0

[Event "British Championship 2024"]
[Site "Hull"]
[Date "2024.07.31"]
[Round "1.32"]
[White "Golding, Alex"]
[Black "Subramanian, Anusha"]
[Result "1-0"]
[Annotator "RC"]
[ECO "B12"]
[WhiteElo "2296"]
[BlackElo "2050"]
[PlyCount "115"]
[EventDate "2024.07.31"]
[EventCountry "GBR"]
[SourceTitle "playchess.com"]
[Source "ChessBase"]
[SourceQuality "1"]
[TimeControl "40/5400+30:1800+30"]

1. e4 c6 2. d4 d5 3. e5 Bf5 4. Nf3 e6 5. Be2 c5 6. O-O Nc6 7. c3 Nge7 8. Na3 Ng6 9. Be3 a6 10. Nd2 h5 11. Nb3 c4 12. Nd2 b5 13. Nc2 a5 14. a4 bxa4 15. Na3 Bxa3 16. Rxa3 h4 17. Qxa4 Qd7 18. b3 Bc2 19. Rc1 cxb3 20. Nxb3 Bxb3 21. Qxb3 O-O 22. Bd3 Nce7 23. Rca1 Qc7 24. Qa2 Rfc8 25. Bd2 h3 26. g3 Nc6 27. Bf1 Rcb8 28. Bxh3 Qb6 29. Bf1 Nge7 30. Bd3 Qc7 31. Qc2 Rc8 32. Qd1 Nf5 33. Qh5 g6 34. Qg4 Qe7 35. h4 Ng7 36. Kg2 Rab8 37. R3a2 Rc7 38. Rh1 Nh5 39. Qf3 Ng7 40. Bg5 Qf8 41. g4 Ne8 42. h5 Qg7 43. hxg6 fxg6 44. Rh6 Ne7 45. Qh3 Rxc3 46. Bxe7 Rxd3 47. Qxd3 Qxh6 48. Ra1 Qg7 49. Bg5 Qf7 50. Rxa5 Rb2 51. Be3 Kg7 52. Qa3 Rb7 53. Ra8 Qd7 54. Bg5 Qf7 55. Qh3 Kg8 56. Bf6 Kf8 57. Qh8+ Qg8 58. Rxe8+ 1-0

[Event "British Championship 2024"]
[Site "Hull"]
[Date "2024.07.31"]
[Round "1.33"]
[White "Starley, Robert"]
[Black "Mirzoeva, Elmira"]
[Result "0-1"]
[Annotator "RC"]
[ECO "B12"]
[WhiteElo "2017"]
[BlackElo "2260"]
[PlyCount "96"]
[EventDate "2024.07.31"]
[EventCountry "GBR"]
[SourceTitle "playchess.com"]
[Source "ChessBase"]
[SourceQuality "1"]
[TimeControl "40/5400+30:1800+30"]

1. e4 c6 2. d4 d5 3. e5 Bf5 4. h4 h5 5. Bd3 Bxd3 6. Qxd3 Qa5+ 7. Nd2 e6 8. Ngf3 Nh6 9. O-O Nf5 10. c4 Be7 11. g3 O-O 12. b3 Qa6 13. Bb2 Nd7 14. Rfd1 c5 15. dxc5 Nxc5 16. Qc2 Rfd8 17. cxd5 Rxd5 18. Nc4 Rxd1+ 19. Rxd1 Qxa2 20. b4 Qa4 21. Qxa4 Nxa4 22. Rd7 b5 23. Ne3 Nxe3 24. fxe3 Bxb4 25. Bd4 Bc5 26. Rb7 Bxd4 27. Nxd4 a6 28. Nc6 Nc3 29. Nd4 a5 30. Nxb5 Nxb5 31. Rxb5 a4 32. Rb2 a3 33. Ra2 Kh7 34. Kf2 Kg6 35. e4 Ra5 36. Kf3 Ra4 37. Kf4 f5 38. exf6 gxf6 39. Kf3 f5 40. exf5+ Kxf5 41. Ke3 Kg4 42. Kf2 e5 43. Kg2 e4 44. Rf2 e3 45. Ra2 Ra5 46. Kf1 Kf3 47. Ke1 Rb5 48. Ra1 a2 0-1

[Event "British Championship 2024"]
[Site "Hull"]
[Date "2024.07.31"]
[Round "1.34"]
[White "Taylor, Adam A"]
[Black "Sanger, Jake M"]
[Result "0-1"]
[Annotator "RC"]
[ECO "D32"]
[WhiteElo "2281"]
[BlackElo "2026"]
[PlyCount "110"]
[EventDate "2024.07.31"]
[EventCountry "GBR"]
[SourceTitle "playchess.com"]
[Source "ChessBase"]
[SourceQuality "1"]
[TimeControl "40/5400+30:1800+30"]

1. Nf3 Nf6 2. c4 e6 3. b3 d5 4. Bb2 c5 5. e3 Nc6 6. cxd5 exd5 7. Nc3 Be7 8. d4 O-O 9. Be2 a6 10. O-O Bg4 11. dxc5 Bxc5 12. Rc1 Ba7 13. h3 Be6 14. Na4 Ne4 15. Bxa6 Nb4 16. Be2 Re8 17. a3 Nc6 18. Nc3 Qe7 19. Nb5 Bb8 20. b4 Qd7 21. Nbd4 Bxh3 22. Nxc6 bxc6 23. Nd4 Qd6 24. f4 Bd7 25. Bg4 Ba7 26. Re1 Rac8 27. Rc2 f6 28. Qf3 c5 29. bxc5 Rxc5 30. Rec1 Rb8 31. Rxc5 Bxc5 32. Bxd7 Qxd7 33. Rc2 Kh8 34. Qe2 h6 35. Qf3 Qa4 36. Qe2 Bxd4 37. exd4 Ng3 38. Qd1 Re8 39. Qd3 Ne4 40. Bc1 f5 41. Bd2 Re6 42. Bb4 Rg6 43. Rc1 Kh7 44. Qc2 Qa7 45. Bc5 Qc7 46. Rf1 Qd8 47. Rf3 Qh4 48. Qb3 Qe1+ 49. Kh2 Nf2 50. Rxf2 Qxf2 51. Qxd5 Qxf4+ 52. Kg1 Qe3+ 53. Kf1 f4 54. Qf5 Qc1+ 55. Kf2 Qd2+ 0-1

[Event "British Championship 2024"]
[Site "Hull"]
[Date "2024.07.31"]
[Round "1.35"]
[White "Rathbone-Jones, Ifan"]
[Black "Pein, Jonathan"]
[Result "1-0"]
[Annotator "RC"]
[ECO "C41"]
[WhiteElo "2014"]
[BlackElo "2279"]
[PlyCount "73"]
[EventDate "2024.07.31"]
[EventCountry "GBR"]
[SourceTitle "playchess.com"]
[Source "ChessBase"]
[SourceQuality "1"]
[TimeControl "40/5400+30:1800+30"]

1. e4 e5 2. Nf3 d6 3. Bc4 Nf6 4. Ng5 d5 5. exd5 h6 6. Nf3 e4 7. Qe2 Bb4 8. h3 O-O 9. Nh2 Nxd5 10. Bxd5 Qxd5 11. O-O Bf5 12. Nc3 Qe6 13. Nb5 Nc6 14. g4 Bh7 15. c3 Ba5 16. f4 exf3 17. Qxe6 fxe6 18. Rxf3 Rxf3 19. Nxf3 Bd3 20. Nbd4 Nxd4 21. Nxd4 e5 22. Nf3 Bb6+ 23. Kg2 Rf8 24. Nxe5 Bf1+ 25. Kg3 c5 26. d4 cxd4 27. Bf4 Bb5 28. a4 g5 29. axb5 Rxf4 30. cxd4 Rxd4 31. Rc1 Rb4 32. Rc8+ Kg7 33. Nc4 Rxb5 34. Nd6 Rb3+ 35. Kg2 Rxb2+ 36. Kf3 Rf2+ 37. Ke4 1-0

[Event "British Championship 2024"]
[Site "Hull"]
[Date "2024.07.31"]
[Round "1.36"]
[White "Pein, Malcolm"]
[Black "Atako, Chino C"]
[Result "1-0"]
[Annotator "RC"]
[ECO "D12"]
[WhiteElo "2274"]
[BlackElo "2003"]
[PlyCount "85"]
[EventDate "2024.07.31"]
[EventCountry "GBR"]
[SourceTitle "playchess.com"]
[Source "ChessBase"]
[SourceQuality "1"]
[TimeControl "40/5400+30:1800+30"]

1. d4 d5 2. c4 c6 3. Nf3 Nf6 4. e3 Bf5 5. Nc3 e6 6. Nh4 Be4 7. f3 Bg6 8. Qb3 Qb6 9. Nxg6 hxg6 10. Bd2 Nbd7 11. Be2 dxc4 12. Bxc4 Qxb3 13. Bxb3 Bd6 14. h3 O-O-O 15. O-O Kb8 16. Rad1 Nb6 17. e4 Nfd7 18. Bg5 f6 19. Be3 Rhe8 20. Rfe1 g5 21. e5 Bc7 22. Ne4 Nd5 23. Bf2 a6 24. a3 Nf4 25. g3 Nxh3+ 26. Kg2 Nxf2 27. Kxf2 fxe5 28. Nxg5 exd4 29. Nxe6 Rxe6 30. Bxe6 c5 31. f4 b5 32. b3 Nb6 33. Re4 Nd5 34. Bxd5 Rxd5 35. Ke2 g5 36. b4 gxf4 37. gxf4 cxb4 38. axb4 a5 39. Rdxd4 Rf5 40. bxa5 Bxa5 41. Re5 Rxe5+ 42. fxe5 Bc3 43. e6 1-0

[Event "British Championship 2024"]
[Site "Hull"]
[Date "2024.07.31"]
[Round "1.38"]
[White "Hobson, Kenneth"]
[Black "Salmons, Calum"]
[Result "1/2-1/2"]
[Annotator "RC"]
[ECO "B51"]
[WhiteElo "2227"]
[BlackElo "1999"]
[PlyCount "152"]
[EventDate "2024.07.31"]
[EventCountry "GBR"]
[SourceTitle "playchess.com"]
[Source "ChessBase"]
[SourceQuality "1"]
[TimeControl "40/5400+30:1800+30"]

1. e4 c5 2. Nf3 d6 3. Bb5+ Nd7 4. a4 Ngf6 5. Nc3 g6 6. a5 Bg7 7. O-O O-O 8. Re1 a6 9. Bc4 e5 10. d3 h6 11. h3 Nb8 12. Nd5 Nc6 13. Be3 Kh7 14. Nb6 Rb8 15. Nxc8 Rxc8 16. Qd2 Ng8 17. Nh2 f5 18. f3 f4 19. Bf2 g5 20. Be6 Rb8 21. Reb1 h5 22. c3 Nh6 23. b4 Rf6 24. Bb3 cxb4 25. cxb4 Rg6 26. Bd1 d5 27. exd5 Qxd5 28. Qe1 Qxd3 29. Rb3 Qc4 30. Rc3 Qxb4 31. Ra4 Qf8 32. Bc5 Qf7 33. Bb3 Qd7 34. Bc2 Nf5 35. Qe4 Rf6 36. Rd3 Qf7 37. Ra1 Bf8 38. Bf2 Kh8 39. Rad1 Ncd4 40. Bb1 Bd6 41. Nf1 b5 42. axb6 Rxb6 43. Rc3 Qb7 44. Rxd4 exd4 45. Qe8+ Bf8 46. Bxf5 dxc3 47. Qxh5+ Bh6 48. Bd4 Qe7 49. Qxh6+ Kg8 50. Qxg5+ Qg7 51. Qxg7+ Kxg7 52. Bxc3 Kf7 53. Bxf6 Kxf6 54. g4 Rb2 55. h4 a5 56. Bd7 Ke7 57. Bc6 Kd6 58. Be8 Ke7 59. Ba4 Ra2 60. Bb3 Rb2 61. Bd5 a4 62. g5 a3 63. Nh2 a2 64. Bxa2 Rxa2 65. Ng4 Kf7 66. Ne5+ Ke6 67. Ng6 Kf5 68. Ne7+ Ke6 69. Ng8 Kf7 70. Nf6 Kg6 71. Kh1 Rf2 72. Ng4 Ra2 73. Nf6 Rf2 74. Ng4 Ra2 75. Nf6 Rf2 76. h5+ Kf5 1/2-1/2

[Event "British Championship 2024"]
[Site "Hull"]
[Date "2024.07.31"]
[Round "1.39"]
[White "Merriman, James"]
[Black "Kalavannan, Koby"]
[Result "0-1"]
[Annotator "RC"]
[ECO "A57"]
[WhiteElo "1974"]
[BlackElo "2265"]
[PlyCount "152"]
[EventDate "2024.07.31"]
[EventCountry "GBR"]
[SourceTitle "playchess.com"]
[Source "ChessBase"]
[SourceQuality "1"]
[TimeControl "40/5400+30:1800+30"]

1. d4 Nf6 2. c4 c5 3. d5 b5 4. a4 Qa5+ 5. Bd2 b4 6. Qc2 g6 7. e4 d6 8. Bd3 Bg7 9. f4 O-O 10. Nf3 e6 11. O-O exd5 12. exd5 Nbd7 13. f5 Qd8 14. Bg5 h6 15. Bf4 Ng4 16. Re1 Nde5 17. Bxe5 Nxe5 18. Nxe5 Bxe5 19. Nd2 b3 20. Qxb3 Bd7 21. Qc2 Rb8 22. Rab1 Qf6 23. Nf3 Bxb2 24. fxg6 fxg6 25. Bxg6 Rb4 26. Qe4 Kg7 27. Bh5 Bf5 28. Qe7+ Qxe7 29. Rxe7+ Kg8 30. Rbe1 Rxa4 31. Rb7 Bf6 32. Re8 Rxe8 33. Bxe8 Ra1+ 34. Kf2 Bd3 35. Bf7+ Kh8 36. Be6 a5 37. Rf7 Bg7 38. Rd7 Bf6 39. Rf7 Bc3 40. Rf8+ Kh7 41. Ke3 Bxc4 42. Rf7+ Bg7 43. Nh4 Re1+ 44. Kd2 Re2+ 45. Kd1 h5 46. Bf5+ Kg8 47. Be6 Rxe6 48. dxe6 Bxe6 49. Ra7 a4 50. Kc1 Bb3 51. Nf5 Bf8 52. Ne7+ Kf7 53. Nd5+ Ke6 54. Nc3 Bh6+ 55. Kb1 Bf4 56. g3 Be5 57. Nxa4 c4 58. Nb2 d5 59. Rh7 d4 60. Rxh5 d3 61. Rh6+ Kd5 62. Rh7 Ke6 63. Rh6+ Ke7 64. Rh7+ Kd6 65. Rh6+ Kc5 66. Rh5 Kd4 67. Kc1 Bd6 68. Rh4+ Kc3 69. Nxc4 Bxc4 70. Rxc4+ Kxc4 71. Kd2 Bb4+ 72. Kd1 Kc3 73. h4 d2 74. g4 Be7 75. g5 Bd8 76. g6 Bf6 0-1

[Event "British Championship 2024"]
[Site "Hull"]
[Date "2024.07.31"]
[Round "1.40"]
[White "Merriman, John"]
[Black "Sachdeva, Ronit"]
[Result "1/2-1/2"]
[Annotator "RC"]
[ECO "D10"]
[WhiteElo "2251"]
[BlackElo "1907"]
[PlyCount "65"]
[EventDate "2024.07.31"]
[EventCountry "GBR"]
[SourceTitle "playchess.com"]
[Source "ChessBase"]
[SourceQuality "1"]
[TimeControl "40/5400+30:1800+30"]

1. d4 d5 2. c4 c6 3. Nc3 Nf6 4. e3 Bf5 5. cxd5 cxd5 6. Qb3 Nc6 7. Qxb7 Bd7 8. Qb3 Rb8 9. Qd1 e5 10. dxe5 Nxe5 11. Be2 Bd6 12. Nf3 Nxf3+ 13. Bxf3 Qc7 14. h3 O-O 15. O-O Rfd8 16. Qd3 Bh2+ 17. Kh1 Be5 18. a4 Qc8 19. Nb5 Bf5 20. Qe2 a6 21. Nd4 Bxh3 22. Ra3 Bd7 23. Rc3 Qb7 24. Qc2 Rdc8 25. Kg1 Bxd4 26. exd4 Rxc3 27. bxc3 Qb3 28. Bd1 Bxa4 29. Bf4 Rb7 30. Qf5 Bd7 31. Qxd7 Nxd7 32. Bxb3 Rxb3 33. Ra1 1/2-1/2

[Event "British Championship 2024"]
[Site "Hull"]
[Date "2024.07.31"]
[Round "1.42"]
[White "Toma, Katarzyna"]
[Black "Larkin, Benjamin"]
[Result "1-0"]
[Annotator "RC"]
[ECO "B53"]
[WhiteElo "2220"]
[BlackElo "1952"]
[PlyCount "87"]
[EventDate "2024.07.31"]
[EventCountry "GBR"]
[SourceTitle "playchess.com"]
[Source "ChessBase"]
[SourceQuality "1"]
[TimeControl "40/5400+30:1800+30"]

1. e4 c5 2. Nf3 d6 3. d4 cxd4 4. Qxd4 Nc6 5. Bb5 Bd7 6. Qd3 g6 7. c4 Bg7 8. Nc3 Nf6 9. O-O O-O 10. h3 a6 11. Bxc6 Bxc6 12. Nd4 Qb6 13. Nb3 Nd7 14. Be3 Qb4 15. f4 b5 16. Nd5 Bxd5 17. cxd5 Bxb2 18. Rab1 Bf6 19. Rfc1 Rfc8 20. Rc6 Rxc6 21. dxc6 Nf8 22. Rc1 Rc8 23. Nd4 Bxd4 24. Bxd4 Ne6 25. Be3 Nc5 26. Bxc5 dxc5 27. Qd7 Qd4+ 28. Qxd4 cxd4 29. Kf2 f6 30. e5 Kf7 31. Ke2 g5 32. g3 gxf4 33. gxf4 Ke6 34. Rc5 Kf5 35. Kd3 Kxf4 36. exf6 exf6 37. Kxd4 f5 38. c7 Kg3 39. Rc3+ Kf4 40. Kd5 a5 41. Kd6 b4 42. Rc5 Kg3 43. Rxf5 a4 44. Rb5 1-0

[Event "British Championship 2024"]
[Site "Hull"]
[Date "2024.07.31"]
[Round "3.1"]
[White "Lutsko, Artem"]
[Black "Howell, David W L"]
[Result "0-1"]
[Annotator "TA"]
[ECO "B15"]
[WhiteElo "2414"]
[BlackElo "2675"]
[PlyCount "82"]
[EventDate "2024.07.31"]
[EventCountry "GBR"]
[SourceTitle "playchess.com"]
[Source "ChessBase"]
[SourceQuality "1"]
[TimeControl "40/5400+30:1800+30"]

1. e4 c6 2. Nf3 d5 3. Nc3 dxe4 4. Nxe4 Nf6 5. Nxf6+ exf6 6. Bc4 Bd6 7. O-O O-O 8. d4 Bg4 9. h3 Bh5 10. g4 Bg6 {[%emt 0:00:25] The position is equal.} 11. Nh4 Bc7 12. Nxg6 hxg6 13. Kg2 $1 Qd6 14. Rh1 {[%emt 0:00:13] Wards off Qh2+} Nd7 15. c3 Rae8 16. Qf3 Re7 17. a4 Nb6 18. b3 Qd7 (18... Nxc4 $11 19. bxc4 Qd7) 19. a5 (19. Bd3 $1 $14 {keeps the upper hand.}) 19... Nxc4 $17 20. bxc4 Rfe8 21. Ba3 (21. Bf4 $15) 21... Re2 ({Black should play} 21... Re4 $19 22. Bc1 f5 23. gxf5 gxf5) 22. Bc5 $2 {[%emt 0:00:53] White does not recover from this.} (22. Rhb1 $17) 22... b6 $19 23. axb6 axb6 24. Bb4 {[%emt 0:00:05] [#]} R8e3 $1 25. Qxe3 Rxe3 26. fxe3 {[%emt 0:00:03] [#]} c5 $1 27. Ba3 Qe6 28. Rhe1 Qxc4 29. Kf3 f5 30. Bb2 $2 (30. dxc5 bxc5 (30... Qxc3 $2 31. cxb6 Bxb6 32. gxf5 $19) 31. Rg1) 30... Qd3 31. Re2 {[%emt 0:07:41] [#]} Bg3 $1 {[%emt 0:01:20][%mdl 512] Threatens to win with ...Bh4.} 32. gxf5 (32. Rf1 Bh4) 32... gxf5 33. Rg1 f4 {[%emt 0:01:32] aiming for ...f5.} 34. Bc1 f5 35. Rxg3 fxg3 {[%emt 0:00:25][%mdl 4096] Endgame. KQ-KRB} 36. Bd2 {[%emt 0:00:32] [#]} f4 $1 {[%emt 0:01:21] White must now prevent ...g5.} 37. h4 (37. Be1 g2) 37... c4 38. Be1 Kf7 39. d5 Kf6 40. d6 Kf5 41. Rd2 Qf1+ {[%emt 0:30:57] Weighted Error Value: White=1.03/Black=0.33.  Loses game:     	White=1     	---        Mistake:       	White=3     	Black=2      Inaccurate:     	White=2     	Black=1      OK:         	White=10    	Black=9      Best:        	---       	Black=2      Strong:       	White=1     	---        Brilliant:      	---       	Black=1} 0-1

[Event "British Championship 2024"]
[Site "Hull"]
[Date "2024.07.31"]
[Round "3.2"]
[White "Golding, Alex"]
[Black "Jones, Gawain C B"]
[Result "0-1"]
[Annotator "RC"]
[ECO "C70"]
[WhiteElo "2296"]
[BlackElo "2633"]
[PlyCount "80"]
[EventDate "2024.07.31"]
[EventCountry "GBR"]
[SourceTitle "playchess.com"]
[Source "ChessBase"]
[SourceQuality "1"]
[TimeControl "40/5400+30:1800+30"]

1. e4 e5 2. Nf3 Nc6 3. Bb5 a6 4. Ba4 Bc5 5. O-O Nge7 6. Nxe5 Nxe5 7. d4 b5 8. Bb3 Bxd4 9. Qxd4 d6 10. c3 O-O 11. f4 Ng4 12. h3 c5 13. Qd1 Nf6 14. Nd2 Bb7 15. Bc2 Ng6 16. f5 Ne5 17. Re1 d5 18. exd5 Qxd5 19. Ne4 Nxe4 20. Qxd5 Bxd5 21. Bf4 Nc4 22. Bxe4 Bxe4 23. Rxe4 Nxb2 24. Bd6 Rfe8 25. Rg4 Na4 26. f6 g6 27. Be7 Nxc3 28. Bxc5 h5 29. Rb4 Nd5 30. Rb2 Nxf6 31. a4 Ne4 32. Ba3 bxa4 33. Rb7 Ng3 34. Kf2 h4 35. Rb4 Re2+ 36. Kf3 Rd8 37. Bb2 a5 38. Rd1 Rde8 39. Rxh4 R8e3+ 40. Kf4 Rxb2 0-1

[Event "British Championship 2024"]
[Site "Hull"]
[Date "2024.07.31"]
[Round "3.3"]
[White "McShane, Luke J"]
[Black "Wadsworth, Matthew J"]
[Result "0-1"]
[Annotator "TA"]
[ECO "B10"]
[WhiteElo "2617"]
[BlackElo "2467"]
[PlyCount "114"]
[EventDate "2024.07.31"]
[EventCountry "GBR"]
[SourceTitle "playchess.com"]
[Source "ChessBase"]
[SourceQuality "1"]
[TimeControl "40/5400+30:1800+30"]

1. e4 c6 2. Nf3 d5 3. d3 dxe4 4. dxe4 Qxd1+ 5. Kxd1 Nf6 6. Nfd2 {[%emt 0:00:13] B10: Caro-Kann: 2 d3 and 2 c4.} h5 7. h4 Be6 8. f3 Nfd7 9. a4 $146 ({Predecessor:} 9. Bc4 Bxc4 10. Nxc4 e5 11. a4 f6 12. Ke2 Na6 13. Rd1 O-O-O 14. c3 Ndc5 15. Rxd8+ Kxd8 {1-0 Carlsen,M (2863)-Svane,R (2613) Katara Bullet Final blitz 2020 (1.3)}) 9... b6 10. c3 g6 11. Kc2 Bh6 12. Na3 a5 13. Bc4 Bxc4 14. Naxc4 Na6 15. Nb3 Bxc1 16. Rhxc1 O-O-O 17. e5 Kc7 18. e6 fxe6 19. Re1 Ndc5 20. Nbd2 Rd5 21. Nf1 Rhd8 22. Ne5 R8d6 23. Re3 b5 24. b3 b4 25. c4 Rd4 26. g3 Rd8 27. Nxg6 Nxb3 28. Kxb3 Nc5+ 29. Ka2 (29. Kc2 $11 b3+ (29... Rxc4+ 30. Kb2 $15) 30. Kc3 Rd3+ 31. Rxd3 (31. Kb2 Rd1 $17) 31... Rxd3+ 32. Kb2 Rxf3 33. Ka3) 29... Rxc4 (29... b3+ $1 $15 30. Kb2 Rd1 (30... Rxc4 $2 31. Rae1 $17) 31. Rxd1 (31. Nxe7 $2 Nd3+ 32. Rxd3 R8xd3 $19) 31... Rxd1) 30. Rae1 $11 Nd3 {[%emt 0:04:52] [#]} (30... Rc2+ $11 31. Kb1 Rf2) 31. Rxd3 (31. Nf4 $1 $14 Nxf4 (31... Rc2+ $2 32. Kb1 $18) 32. gxf4) 31... Rxd3 $11 32. Ne5 $1 Ra3+ 33. Kb2 Rd4 34. Rc1 Kb7 (34... Rxa4 $2 35. Nxc6 (35. Rxc6+ Kb7 $11) 35... Rd6 36. Nxa5+ Kb8 37. Nb3 $18) 35. Nc4 (35. Nxc6 Rd5 36. g4 Rxf3 (36... Rxa4 37. g5 $11) 37. gxh5 Rf2+ (37... Rxh5 38. Nd4 $17) (37... Rc3 38. Nxe7 Rxc1 39. Kxc1 $15) 38. Kb1 Rd3 $17 (38... Rxh5 39. Nd8+ Kb6 40. Nxe6 $11)) (35. Rc2 $11 {remains equal.}) 35... Rxf3 $17 (35... Rxa4 36. Nfd2 $16 (36. Kb3 Rxc4 37. Kxc4 Ra2 $11)) 36. Nxa5+ Kb6 37. Nb3 {[%emt 0:00:44] [#]} (37. Nxc6 $2 Rdd3 38. Nxe7 Rf2+ 39. Rc2 Rxf1 $19) (37. Nc4+ $17 {was the only chance.} Kc7 38. Ncd2) 37... Rf2+ $1 $19 38. Rc2 (38. Kb1 $142 Rd3 39. Nfd2) 38... Rxc2+ $19 (38... Rxf1 $2 {too greedy.} 39. a5+ (39. Nxd4 c5 $18) 39... Ka6 40. Rxc6+ (40. Nxd4 Kxa5 41. Rc5+ Ka4 $18) 40... Kb5 41. Rc5+ (41. Nxd4+ Kxa5 42. Rxe6 Rd1 $18) 41... Ka6 42. Nxd4 $18) 39. Kxc2 Rc4+ 40. Kb2 Rc3 41. Nfd2 Rxg3 42. Nc4+ Ka6 43. Nc5+ Ka7 44. Ne5 Rc3 45. Nxe6 Kb6 46. Nd4 Ka5 47. Nexc6+ Kxa4 48. Nxe7 Rh3 49. Nef5 $2 (49. Ng6 Rh2+ 50. Kb1) 49... Rh2+ $19 50. Kb1 b3 51. Nf3 Rf2 52. N3d4 Ka3 53. Nb5+ Kb4 54. Nbd4 (54. Nbd6 $19 Rf1+ 55. Kb2) 54... Kc4 55. Kc1 Kd3 56. Kb1 Ke4 57. Kc1 Rxf5 0-1

[Event "British Championship 2024"]
[Site "Hull"]
[Date "2024.07.31"]
[Round "3.4"]
[White "Royal, Shreyas"]
[Black "Hebden, Mark L"]
[Result "1-0"]
[Annotator "TA"]
[ECO "E71"]
[WhiteElo "2483"]
[BlackElo "2398"]
[PlyCount "61"]
[EventDate "2024.07.31"]
[EventCountry "GBR"]
[SourceTitle "playchess.com"]
[Source "ChessBase"]
[SourceQuality "1"]
[TimeControl "40/5400+30:1800+30"]

1. d4 Nf6 2. c4 g6 3. Nc3 Bg7 4. e4 d6 5. h3 O-O 6. Be3 a5 7. Nf3 Na6 8. Nd2 ({Better is} 8. Be2 $14) 8... Nd7 {[%emt 0:12:13] The position is equal.} 9. Be2 e5 10. d5 f5 {[%emt 0:00:23] Hoping for ...f4.} 11. f3 {[%emt 0:00:30] [#]} Bh6 $1 12. Bf2 (12. Bxh6 Qh4+) 12... Ndc5 13. h4 Bd7 14. g3 b6 15. O-O Qe7 16. Kg2 Rf7 17. Nb3 Na4 18. Nb5 (18. Nxa4 $17 Bxa4 19. Bd3) 18... fxe4 $19 ({Don't take} 18... Nxb2 19. Qc2 Na4 20. Nxa5 $17) 19. fxe4 Raf8 $1 {[%emt 0:04:30][%cal Of7f2] And now ...Rxf2+! would win.} ({Much less strong is} 19... Nxb2 20. Qc2 Na4 21. Nxa5 $15) 20. Rb1 $2 {[%emt 0:05:56] [#]} (20. Nxa5 $17 {was necessary.} Nxb2 21. Qb3 bxa5 22. Qxb2) 20... Rxf2+ $1 21. Rxf2 {[%emt 0:00:04] [#]} Bh3+ $1 22. Kxh3 Rxf2 23. Qe1 Qf6 {[%emt 0:01:11] ...Nb4 is the strong threat.} 24. a3 Kh8 25. Nc1 (25. Bg4 {is a better defense.}) 25... N4c5 $2 (25... N6c5 26. Nxc7 Bxc1 (26... Nxe4 $2 27. Ne8 $19) 27. Rxc1 Nxe4 (27... Nxb2 $2 28. Ne8 $19)) 26. Nc3 Bxc1 27. Qxc1 {[%emt 0:01:04] [#]} Nxe4 $1 28. Nxe4 Qf5+ 29. Bg4 Qxe4 30. Qg1 {[%emt 0:00:05] Repels Qg2+} Rd2 {[%emt 0:04:02] [#]} (30... Kg7 $17 31. Rf1 Rxf1 (31... Rxb2 32. Be6 $11) 32. Qxf1 Nc5) 31. Qf1 $1 {[%emt 0:00:46] Never resign too early!   Weighted Error Value: White=0.34/Black=0.31.  Loses game:     	White=1     	Black=1      Mistake:       	White=3     	Black=1      Inaccurate:     	White=2     	Black=1      OK:         	White=7     	Black=16     Best:        	White=2     	---        Strong:       	White=1     	---        Brilliant:      	---       	Black=2} 1-0

[Event "British Championship 2024"]
[Site "Hull"]
[Date "2024.07.31"]
[Round "3.5"]
[White "Gasanov, Eldar"]
[Black "Derakhshani, Borna"]
[Result "1/2-1/2"]
[Annotator "TA"]
[ECO "E15"]
[WhiteElo "2469"]
[BlackElo "2355"]
[PlyCount "68"]
[EventDate "2024.07.31"]
[EventCountry "GBR"]
[SourceTitle "playchess.com"]
[Source "ChessBase"]
[SourceQuality "1"]
[TimeControl "40/5400+30:1800+30"]

1. d4 Nf6 2. c4 e6 3. Nf3 b6 4. g3 Ba6 5. Qb3 d5 6. cxd5 exd5 7. Nc3 Be7 8. Bg2 O-O {[%emt 0:00:15] White is slightly better.} 9. O-O Bb7 10. Bf4 c6 11. Rad1 Nbd7 12. Rfe1 Nh5 13. Bc1 f5 {[%emt 0:05:08] [#]} ({Better is} 13... Nhf6 $14) 14. e4 $1 $16 fxe4 15. Nxe4 (15. Rxe4 {simplifies} Re8 16. Re2 Nhf6 17. Rde1) 15... h6 16. Ne5 ({White should try} 16. Bh3) 16... Nxe5 17. dxe5 Qe8 18. f4 {[%emt 0:20:19][%cal Bf2f4,Bf4f5,Bf5f6][%mdl 32] White is much more active.} Qf7 19. Nf2 Qe6 (19... g5 $16) 20. Bh3 $18 Qf7 21. f5 g5 $2 (21... Bc5 {keeps fighting.} 22. Qf3 (22. Be3 Rae8 $18) 22... Ba6) 22. Ng4 Qh7 23. f6 Bc5+ 24. Kh1 Rae8 25. Qc3 Kh8 26. a3 {[%emt 0:11:08] Black must now prevent b4.} a5 27. Qf3 Bc8 28. Rf1 (28. Bg2 $18) 28... Be6 (28... Qe4 $16) 29. Bg2 Qg6 30. Rfe1 Kg8 31. Qe2 Bf5 32. Qf3 $1 {[%emt 0:01:59][%cal Of3f5] [#] And now Qxf5! would win.} Be6 33. Qe2 Bf5 34. Qf3 $1 {[%emt 0:00:00][%cal Of3f5] Threatens to win with Qxf5!} Be6 $1 {[%emt 0:04:28] Weighted Error Value: White=0.39/Black=0.23 (precise) .  Mistake:       	White=2     	Black=4      Inaccurate:     	White=2     	Black=2      OK:         	White=9     	Black=10     Best:        	White=1     	Black=1      Strong:       	White=3     	Black=1} 1/2-1/2